 Dungeon Crawl Stone Soup version 0.29.1-12-g30fa7ad0bf (webtiles) character file.

Game seed: 9280093734688585522

177 xzight the Gusty (level 5, 0/37 HPs)
             Began as a Gnoll Air Elementalist on Dec 27, 2022.
             Slain by an orc wizard
             ... wielding a +0 club
              (4 damage)
             ... on level 3 of the Dungeon.
             The game lasted 00:04:38 (2969 turns).

xzight the Gusty (Gnoll Air Elementalist)           Turns: 2969, Time: 00:04:38

Health: 0/37       AC:  2    Str:  8    XL:     5   Next: 57%
Magic:  3/12       EV: 13    Int: 16    God:
Gold:   160        SH:  0    Dex: 12    Spells: 8/14 levels left

rFire   . . .      SeeInvis .   i - +0 whip
rCold   . . .      Faith    .   (no shield)
rNeg    . . .      Spirit   .   a - +0 robe
rPois   .          Reflect  .   (no helmet)
rElec   .          Harm     .   (no cloak)
rCorr   +          Rampage  .   (no gloves)
Will    .....                   (no boots)
Stlth   +.........              (no amulet)
HPRegen 0.12/turn               R - ring of resist corrosion
MPRegen 0.13/turn               (no ring)

@: confused
A: fangs 1, strong nose, distributed training
a: no special abilities


You were on level 3 of the Dungeon.
You visited 1 branch of the dungeon, and saw 3 of its levels.

You collected 160 gold pieces.


Innate Abilities, Weirdness & Mutations

You have very sharp teeth.
Your uncanny sense of smell can sniff out nearby items.
Your experience applies equally to all skills.


   Skills:
 + Level 1.6 Fighting
 + Level 1.6 Short Blades
 + Level 1.6 Long Blades
 + Level 1.6 Axes
 + Level 1.6 Maces & Flails
 + Level 1.6 Polearms
 + Level 1.6 Staves
 + Level 1.6 Ranged Weapons
 + Level 1.6 Throwing
 + Level 1.6 Armour
 + Level 4.8 Dodging
 + Level 4.4 Stealth
 + Level 1.6 Shields
 + Level 1.6 Unarmed Combat
 + Level 5.2 Spellcasting
 + Level 2.4 Conjurations
 + Level 1.3 Hexes
 + Level 1.3 Summonings
 + Level 1.3 Necromancy
 + Level 1.3 Translocations
 + Level 1.3 Transmutations
 + Level 1.3 Fire Magic
 + Level 1.3 Ice Magic
 + Level 5.6 Air Magic
 + Level 1.3 Earth Magic
 + Level 1.3 Poison Magic
 + Level 1.8 Invocations
 + Level 1.6 Evocations


You had 8 spell levels left.
You knew the following spells:

 Your Spells              Type           Power      Damage    Failure   Level
a - Static Discharge      Conj/Air       17%        3-6/arc   4%          2
b - Swiftness             Air            22%        N/A       4%          3
z - Shock                 Conj/Air       68%        1d7       2%          1

Your spell library contained the following spells:

 Spells                   Type           Power      Damage    Failure   Level
 Airstrike                Air            11%        2d(2-18)  16%         4
 Portal Projectile        Hex/Tloc       16%        N/A       26%         3
 Tukima's Dance           Hex            8%         N/A       26%         3
 Blade Hands              Tmut           4%         N/A       94%         5

Inventory:

Hand Weapons
 i - a +0 whip (weapon)
Armour
 a - a +0 robe (worn)
 o - a +0 cloak
Jewellery
 C - a ring of ice
 R - a ring of resist corrosion (left hand)
Scrolls
 d - 4 scrolls of teleportation {unknown}
 l - 3 scrolls of silence {unknown}
 m - 2 scrolls of identify {unknown}
 n - a scroll of vulnerability {unknown}
Potions
 b - a potion of magic
 c - 2 potions of haste {unknown}
 e - 3 potions of lignification {unknown}
 f - a potion of resistance {unknown}
 g - a potion of mutation {unknown}
 h - 3 potions of degeneration {unknown}
 j - 2 potions of curing {unknown}
 k - a potion of attraction {unknown}

Dungeon Overview and Level Annotations

Branches:
Dungeon (3/15)

Altars:

Shops:
D:1 (

Annotations:
D:2 1 runed translucent door, Crazy Yiuf

▓.### ....... #. ▓....####
....... #.
.▓.......##...............##.
.'.>......................##.
▓........................##.
▓...............###.....# #.
▓.........#####.).......# #.
▓............##.........# #.
▓.........{@.##.........###.
..............##.............
.....).)....)†..)......##.###
...................)).....#
.........#.............)..#
.........####.............#
..$......# #.....##......#
.... #.....######### #.....#


There were no monsters in sight!


Message History

The orc wizard closely misses you.
You barely miss the orc wizard.
The orc wizard is severely wounded.
The orc wizard points at you and mumbles some strange words.
You are more confused.
You closely miss the orc wizard.
The orc wizard is severely wounded.
The orc wizard hits you with a +0 club.
* * * LOW HITPOINT WARNING * * *
You barely miss the orc wizard. Your bite misses the orc wizard.
The orc wizard is severely wounded.
The orc wizard casts a spell at you.
You are more confused.
You hit the orc wizard but do no damage.
The orc wizard is severely wounded.
The orc wizard points at you and mumbles some strange words.
You are more confused.
The orc wizard mumbles some strange words.
The orc wizard flickers and vanishes!
Deactivating autopickup; reactivate with Ctrl-A.
Something hits you.
* * * LOW HITPOINT WARNING * * *
You miss something. Something hits you.
* * * LOW HITPOINT WARNING * * *
You miss something. Something hits you.
* * * LOW HITPOINT WARNING * * *
You miss something. Something hits you.
* * * LOW HITPOINT WARNING * * *
You barely miss something. Something hits you.
You die...

Skill      XL: |  1  2  3  4 |
---------------+-------------+-----
Conjurations   | 2 |  2.4
Spellcasting   | 5 |  5.2
Invocations    | 1 |  1.8
Fighting       | 1 |  1.6
Short Blades   | 1 |  1.6
Long Blades    | 1 |  1.6
Axes           | 1 |  1.6
Maces & Flails | 1 |  1.6
Polearms       | 1 |  1.6
Staves         | 1 |  1.6
Ranged Weapons | 1 |  1.6
Throwing       | 1 |  1.6
Armour         | 1 |  1.6
Shields        | 1 |  1.6
Unarmed Combat | 1 |  1.6
Evocations     | 1 |  1.6
Hexes          | 1 |  1.3
Summonings     | 1 |  1.3
Necromancy     | 1 |  1.3
Translocations | 1 |  1.3
Transmutations | 1 |  1.3
Fire Magic     | 1 |  1.3
Ice Magic      | 1 |  1.3
Earth Magic    | 1 |  1.3
Poison Magic   | 1 |  1.3
Dodging        | |  4.8
Stealth        | |  4.4
Air Magic      | |  5.6

Action                   |  1- 3 |  4- 6 || total
-------------------------+-------+-------++-------
Melee: Whip              |     8 |    19 ||    27
       Bite              |       |     1 ||     1
 Cast: Shock             |    57 |    90 ||   147
Armor: Robe              |     3 |     6 ||     9
Dodge: Dodged            |     9 |    22 ||    31

Levels and vault maps discovered:
D:1:      dpeg_arrival_renting, layout_loops_ring, serial_shops, shop,
          dreamdust_ecumenical_altar_angels_and_demons, minmay_misc_feat_cross,
          minmay_tetromino_t2
D:2:      layout_loops_ring, minmay_pentomino_pile, uniq_jessica,
          uniq_crazy_yiuf_cottage
D:3:      minmay_door_path, layout_basic, minmay_quadrilaterals

Notes
Turn   | Place    | Note
-------+----------+-------------------------------------------
     0 | D:1      | xzight the Gnoll Air Elementalist began the quest for the
                  | Orb.
     0 | D:1      | Reached XP level 1. HP: 13/13 MP: 6/6
    46 | D:1      | Found Xiafuop's Weapon Emporium.
   142 | D:1      | Reached skill level 2 in Conjurations
   208 | D:1      | Reached XP level 2. HP: 19/19 MP: 4/7
   736 | D:1      | Reached skill level 5 in Spellcasting
   736 | D:1      | Reached XP level 3. HP: 25/25 MP: 5/9
   890 | D:1      | Found a faded altar of an unknown god.
  1207 | D:2      | Reached skill level 1 in Invocations
  1358 | D:2      | Noticed Jessica
  1370 | D:2      | Killed Jessica
  1371 | D:2      | Reached skill level 1 in Fighting
  1371 | D:2      | Reached skill level 1 in Short Blades
  1371 | D:2      | Reached skill level 1 in Long Blades
  1371 | D:2      | Reached skill level 1 in Axes
  1371 | D:2      | Reached skill level 1 in Maces & Flails
  1371 | D:2      | Reached skill level 1 in Polearms
  1371 | D:2      | Reached skill level 1 in Staves
  1371 | D:2      | Reached skill level 1 in Ranged Weapons
  1371 | D:2      | Reached skill level 1 in Throwing
  1371 | D:2      | Reached skill level 1 in Armour
  1371 | D:2      | Reached skill level 1 in Shields
  1371 | D:2      | Reached skill level 1 in Unarmed Combat
  1371 | D:2      | Reached skill level 1 in Evocations
  1371 | D:2      | Reached XP level 4. HP: 32/32 MP: 7/11
  1631 | D:2      | Reached skill level 1 in Hexes
  1631 | D:2      | Reached skill level 1 in Summonings
  1631 | D:2      | Reached skill level 1 in Necromancy
  1631 | D:2      | Reached skill level 1 in Translocations
  1631 | D:2      | Reached skill level 1 in Transmutations
  1631 | D:2      | Reached skill level 1 in Fire Magic
  1631 | D:2      | Reached skill level 1 in Ice Magic
  1631 | D:2      | Reached skill level 1 in Earth Magic
  1631 | D:2      | Reached skill level 1 in Poison Magic
  1840 | D:2      | Reached XP level 5. HP: 32/37 MP: 7/12
  2094 | D:2      | Found a runed translucent door.
  2095 | D:2      | Noticed Crazy Yiuf
  2908 | D:3      | Learned a level 2 spell: Static Discharge
  2912 | D:3      | Learned a level 3 spell: Swiftness
  2967 | D:3      | HP: 3/37 [something (3)]
  2969 | D:3      | Slain by an orc wizard

Vanquished Creatures
  Jessica (D:2)
  An orc wizard (D:3)
  3 gnolls (D:2)
  2 dart slugs (D:2)
  9 orcs (D:3)
  8 ball pythons
  3 bats
  8 endoplasms
  5 giant cockroaches
  7 goblins
  6 hobgoblins
  7 jackals
  5 quokkas
  A frilled lizard (D:1)
  5 kobolds
  5 rats
76 creatures vanquished.

Table legend: (Time is in decaauts)
 A = Elapsed time spent in this place.
 B = Non-inter-level travel time spent in this place.
 C = Inter-level travel time spent in this place.
 D = Time resting spent in this place.
 E = Time spent auto-exploring this place.
 F = Levels seen in this place.
 G = Mean time per level.
                   A        B        C        D        E       F      G
               +--------+--------+--------+--------+--------+-----+--------+
         Total |   2968 |   2935 |     33 |    231 |   2345 |   3 |  989.3 |
       Dungeon |   2968 |   2935 |     33 |    231 |   2345 |   3 |  989.3 |
               +--------+--------+--------+--------+--------+-----+--------+

Top non-repeatable levels by time:
     D:2: 1269 daAuts
     D:1: 1193 daAuts
     D:3: 505 daAuts

Table legend:
 A = Non-vault XP
 B = Vault XP
 C = Vault XP percentage of total XP
 D = Non-vault monster count
 E = Vault monster count
 F = Vault count percentage of total count
                 A         B        C        D         E       F
            +---------+---------+-------+---------+---------+-------
      Total |     203 |      51 |  20.1 |      66 |      10 |  13.2
            +---------+---------+-------+---------+---------+-------
        D:1 |      44 |       1 |   2.2 |      24 |       1 |   4.0
        D:2 |      83 |      46 |  35.7 |      23 |       7 |  23.3
        D:3 |      76 |       4 |   5.0 |      19 |       2 |   9.5
            +---------+---------+-------+---------+---------+-------
